 Dungeon Crawl Stone Soup version 0.29.0 (webtiles) character file.

Game seed: 5682175205170610639

70 smazza the Insei (level 4, -4/48 HPs)
             Began as a Merfolk Transmuter on Sept 7, 2022.
             Slain by Ijyb
             ... wielding a +3 dagger of speed
              (6 damage)
             ... on level 3 of the Dungeon.
             The game lasted 00:07:11 (2595 turns).

smazza the Insei (Merfolk Transmuter)               Turns: 2595, Time: 00:07:12

Health: -4/48      AC: 22    Str: 10    XL:     4   Next: 21%
Magic:  5/7        EV:  2    Int: 14    God:
Gold:   59         SH:  0    Dex: 14    Spells: 1/7 levels left

rFire   . . .      SeeInvis .     - Unarmed
rCold   . . .      Faith    .   (no shield)
rNeg    . . .      Spirit   .   (body armour currently unavailable)
rPois   +          Reflect  .   (helmet currently unavailable)
rElec   .          Harm     .   (cloak currently unavailable)
rCorr   .          Rampage  .   (gloves currently unavailable)
Will    .....      NoTele   +   (boots currently unavailable)
Stlth   +.........              (no amulet)
HPRegen 0.16/turn               (no ring)
MPRegen 0.10/turn               (no ring)

@: tree-form
A: stationary, stasis, torment immunity, boosted hp, (nimble swimmer 2),
(mertail)
a: no special abilities


You were on level 3 of the Dungeon.
You were a tree.
You visited 1 branch of the dungeon, and saw 3 of its levels.

You collected 59 gold pieces.

Inventory:

Hand Weapons
 m - the +8 falchion "Ficemp" {vorpal, rElec Str+2}
   (You found it on level 2 of the Dungeon)

   It inflicts extra damage upon your enemies.
   Str:       It affects your strength (+2).
   rElec:     It insulates you from electricity.
Armour
 a - a +0 robe (melded)
 j - a +0 pair of boots (melded)
Scrolls
 c - a scroll of vulnerability {unknown}
 e - a scroll of enchant weapon {unknown}
 g - a scroll of blinking {unknown}
 h - 2 scrolls of poison {unknown}
 k - a scroll of noise {unknown}
 l - a scroll of fear {unknown}
 n - a scroll of immolation
Potions
 d - a potion of haste {unknown}
 f - a potion of flight
 i - a potion of cancellation {unknown}
 o - a potion of might {unknown}


   Skills:
 - Level 1.1 Fighting
 - Level 2.6 Dodging
 * Level 4.2 Unarmed Combat
 + Level 2.4 Spellcasting
 * Level 4.0 Transmutations
 * Level 1.0 Poison Magic


You had one spell level left.
You knew the following spells:

 Your Spells              Type           Power      Damage    Failure   Level
a - Beastly Appendage     Tmut           26%        N/A       4%          1
b - Wereblood             Tmut           13%        N/A       7%          2
c - Spider Form           Tmut/Pois      8%         N/A       24%         3

Your spell library contained the following spells:

 Spells                   Type           Power      Damage    Failure   Level
 Confusing Touch          Hex            1%         N/A       56%         3
 Gell's Gravitas          Tloc           1%         N/A       56%         3
 Lesser Beckoning         Tloc           1%         N/A       56%         3
 Teleport Other           Tloc           1%         N/A       56%         3
 Ice Form                 Ice/Tmut       7%         N/A       69%         4
 Yara's Violent Unravell  Hex/Tmut       3%         3d4       95%         5
 Enfeeble                 Hex            0%         N/A       100%        7


Dungeon Overview and Level Annotations

Branches:
Dungeon (3/15)

Altars:

Annotations:
D:3 Ijyb


Innate Abilities, Weirdness & Mutations

You are a tree.
Your roots penetrate the ground, keeping you stationary.
You cannot be teleported.
You are immune to unholy pain and torment.
Your maximum health is greatly increased.
Your equipment is partially melded.
((You are very nimble when in or above water. (Stealth+, EV+, Speed+++)))
((Your lower body shifts to a powerful aquatic tail in water.))


Message History

You hit Ijyb.
Ijyb is moderately wounded.
Ijyb zaps a wand.
The puff of flame misses you.
Really quaff the potion of lignification?
Your transformation has ended.
Your +0 pair of boots unmelds from your body.
Your +0 robe unmelds from your body.
You turn into a tree.
Your +0 pair of boots melds into your body.
Your +0 robe melds into your body.
Your roots penetrate the ground.
Ijyb hits you but does no damage.
You hit Ijyb.
Ijyb is heavily wounded.
Ijyb hits you but does no damage.
You hit Ijyb but do no damage.
Ijyb is heavily wounded.
Ijyb zaps a wand.
The puff of flame hits you but does no damage.
You barely miss Ijyb.
Ijyb is heavily wounded.
Ijyb hits you but does no damage.
You smack Ijyb!
Ijyb is almost dead.
Ijyb zaps a wand.
The puff of flame hits you!
* * * LOW HITPOINT WARNING * * *
You hit Ijyb but do no damage.
Ijyb is almost dead.
Ijyb hits you but does no damage.
Ijyb hits you with a +3 dagger of speed.
* * * LOW HITPOINT WARNING * * *
You hit Ijyb but do no damage.
Ijyb is almost dead.
Ijyb screams, "Get away!"
Ijyb hits you with a +3 dagger of speed.
* * * LOW HITPOINT WARNING * * *
It was a potion of flight.
Your roots keep you in place.
Ijyb hits you but does no damage. x2
You hit Ijyb but do no damage.
Ijyb is almost dead.
Ijyb hits you with a +3 dagger of speed.
You die...

#### #... #...
############ #...
###...........
#...####.#...........
#........#...........
#...####.#...........
#...+......g♣........
.....####.####†######
.......+....#<...#
...g....###########
........ ^....#.# . .
.


You could see Ijyb.

Vanquished Creatures
  2 adders
  A worm (D:2)
  2 dart slugs (D:1)
  2 ball pythons
  6 bats
  6 endoplasms
  2 giant cockroaches (D:1)
  2 goblins
  4 hobgoblins
  3 jackals (D:3)
  5 kobolds
  A quokka (D:2)
  3 rats (D:1)
39 creatures vanquished.

Notes
Turn   | Place    | Note
-------+----------+-------------------------------------------
     0 | D:1      | smazza the Merfolk Transmuter began the quest for the Orb.
     0 | D:1      | Reached XP level 1. HP: 15/15 MP: 3/3
   183 | D:1      | Reached XP level 2. HP: 7/21 MP: 5/5
   190 | D:1      | Learned a level 2 spell: Wereblood
   954 | D:1      | Reached XP level 3. HP: 24/26 MP: 4/6
   958 | D:1      | Learned a level 3 spell: Spider Form
  1821 | D:2      | Identified the +8 falchion "Ficemp" {vorpal, rElec Str+2}
  1907 | D:2      | Found a faded altar of an unknown god.
  2349 | D:3      | Reached XP level 4. HP: 28/32 MP: 5/7
  2393 | D:3      | Reached skill level 1 in Poison Magic
  2412 | D:3      | Noticed Ijyb
  2592 | D:3      | HP: 2/48 [Ijyb/+3 dagger of speed (3)]
  2595 | D:3      | Slain by Ijyb

Illustrated notes

Levels and vault maps discovered:
D:1:      nagdon_arrival_zigzag_paths, layout_basic
D:2:      layout_basic, hellmonk_ecumenical_altar_blasted
D:3:      layout_basic, mainiacjoe_overflow_six_doors_small,
          minmay_misc_feat_iff, uniq_ijyb

Skill      XL: |  1  2  3  4 |
---------------+-------------+-----
Transmutations | 3 4 |  4.0
Unarmed Combat | 4 |  4.2
Poison Magic   | 1 |  1.0
Fighting       | |  1.1
Dodging        | |  2.6
Spellcasting   | |  2.4

Action                   |  1- 3 |  4- 6 || total
-------------------------+-------+-------++-------
Melee: Unarmed           |    98 |    17 ||   115
       Headbutt          |    15 |     1 ||    16
       Punch             |     1 |       ||     1
 Cast: Beastly Appendage |    22 |     2 ||    24
       Spider Form       |       |     1 ||     1
  Use: Potion            |       |     2 ||     2
 Stab: Sleeping          |     4 |     1 ||     5
Armor: Robe              |    17 |       ||    17
       Skin              |       |     7 ||     7
Dodge: Dodged            |    52 |     5 ||    57
